 Dungeon Crawl Stone Soup version 0.29.1-15-g9cfb28693d (webtiles) character file.

Game seed: 11808427574422352296

100 Gustavia the Chopper (level 4, -3/40 HPs)
             Began as a Hill Orc Monk on Mar 31, 2023.
             Splashed by a jelly's acid (9 damage)
             ... on level 2 of the Dungeon.
             The game lasted 00:05:56 (2204 turns).

Gustavia the Chopper (Hill Orc Monk)                Turns: 2204, Time: 00:05:57

Health: -3/40      AC:  0    Str: 15    XL:     4   Next: 73%
Magic:  4/4        EV:  7    Int: 10    God:
Gold:   129        SH:  0    Dex: 13    Spells: 3/3 levels left

rFire   + . .      SeeInvis .   a - +0 hand axe
rCold   . . .      Faith    .   (no shield)
rNeg    . . .      Spirit   .   d - +0 chain mail
rPois   .          Reflect  .   (no helmet)
rElec   .          Harm     .   (no cloak)
rCorr   .          Rampage  .   (no gloves)
Will    .....                   (no boots)
Stlth   ..........              (no amulet)
HPRegen 0.13/turn               j - ring of protection from fire
MPRegen 0.09/turn               (no ring)

@: corroded
A: no striking features
a: no special abilities


You were on level 2 of the Dungeon.
You visited 1 branch of the dungeon, and saw 2 of its levels.

You collected 129 gold pieces.

Inventory:

Hand Weapons
 a - a +0 hand axe (weapon)
Armour
 d - a +0 chain mail (worn)
Jewellery
 j - a ring of protection from fire (left hand)
Scrolls
 h - a scroll of teleportation
 l - a scroll of brand weapon
 m - a scroll of enchant weapon {unknown}
 n - a scroll of fear {unknown}
Potions
 b - a potion of haste
 e - 2 potions of curing {unknown}
 f - a potion of resistance {unknown}
 g - a potion of cancellation {unknown}
 i - a potion of lignification {unknown}
 k - a potion of mutation {unknown}
 o - a potion of might {unknown}


   Skills:
 + Level 4.2 Fighting
 + Level 5.6 Axes
 + Level 1.5 Armour
 + Level 2.8 Dodging
 + Level 1.6 Stealth


You had 3 spell levels left.
You didn't know any spells.
Your spell library contained the following spells:

 Spells                   Type           Power      Damage    Failure   Level
 Freeze                   Ice            0%         1d3       100%        1
 Summon Small Mammal      Summ           0%         N/A       100%        1
 Call Canine Familiar     Summ           0%         N/A       100%        3
 Frozen Ramparts          Ice            0%         1d1       100%        3
 Gell's Gravitas          Tloc           0%         N/A       100%        3
 Summon Guardian Golem    Hex/Summ       0%         N/A       100%        3
 Teleport Other           Tloc           0%         N/A       100%        3
 Hailstorm                Conj/Ice       0%         3d3       100%        4
 Dispersal                Tloc           0%         N/A       100%        6


Dungeon Overview and Level Annotations

Branches:
Dungeon (2/15)

Altars:
Cheibriados

Shops:
D:2 [


Message History

You kill the endoplasm!
You hit the jelly but do no damage.
Your hands burn!
The jelly barely misses you.
You hit the jelly.
Your hands burn!
The jelly is moderately wounded.
The jelly hits you but does no damage.
You slash the jelly!
Your hands burn!
The jelly is severely wounded.
The jelly hits you but does no damage.
You hit the jelly.
Your hands burn!
The jelly is almost dead.
The jelly barely misses you.
You hit the jelly but do no damage.
Your hands burn!
The jelly is almost dead.
The jelly hits you but does no damage. x2
The jelly attacks as you move away! The jelly hits you but does no damage.
You hit the jelly.
You kill the jelly!
You hit the jelly.
Your hands burn!
The jelly is moderately wounded.
The jelly hits you.
* * * LOW HITPOINT WARNING * * *
The acid corrodes you!
You are splashed with acid!
* * * LOW HITPOINT WARNING * * *
You hit the jelly.
Your hands burn!
* * * LOW HITPOINT WARNING * * *
The jelly is severely wounded.
The jelly hits you but does no damage.
You are confused.
You feel invigorated. The jelly barely misses you.
You bump into the rock wall.
The jelly hits you.
* * * LOW HITPOINT WARNING * * *
You are splashed with acid.
* * * LOW HITPOINT WARNING * * *
You bump into the rock wall.
You feel less invigorated.
You feel less confused. The jelly hits you.
* * * LOW HITPOINT WARNING * * *
The acid corrodes you!
You are splashed with acid!
You die...

.# #[#
########## #.#
.###.#
$..P.÷...# #.#
.....#
.÷J....÷.#####[#
.#####
...PJPJ.÷##..))#
.#
.PJ..P..÷##.<..#
##
.P..JJ÷..##...##
...P.PJ.J###.##
#######J# #.# #
##..)@JJ## #.# #
#.######## #.# #
##..'....# ..# #
####....# #.# #
#.......# #
#.......# #
#.......# #
#.......# #
##.....##


You could see a jelly and 2 endoplasms.

Vanquished Creatures
  A jelly (D:2)
  3 worms (D:2)
  A dart slug (D:2)
  3 orcs (D:2)
  2 ball pythons
  6 endoplasms
  6 giant cockroaches
  2 goblins
  5 hobgoblins
  3 quokkas
  4 bats
  2 frilled lizards
  12 kobolds
  A rat (D:2)
51 creatures vanquished.

Vanquished Creatures (others)
  3 fungi (D:2)
  7 toadstools (D:2)
10 creatures vanquished.

Grand Total: 61 creatures vanquished

Notes
Turn   | Place    | Note
-------+----------+-------------------------------------------
     0 | D:1      | Gustavia the Hill Orc Monk began the quest for the Orb.
     0 | D:1      | Reached XP level 1. HP: 19/19 MP: 1/1
   201 | D:1      | Reached XP level 2. HP: 24/27 MP: 2/2
   630 | D:1      | Found a faded altar of an unknown god.
  1100 | D:2      | Reached XP level 3. HP: 24/33 MP: 3/3
  1486 | D:2      | Reached skill level 1 in Armour
  1832 | D:2      | Found Xishisel's Antique Armour Shoppe.
  1861 | D:2      | Found a snail-covered altar of Cheibriados.
  1884 | D:2      | Reached skill level 5 in Axes
  1936 | D:2      | Reached XP level 4. HP: 38/40 MP: 4/4
  2201 | D:2      | HP: 2/40 [acid (3)]
  2204 | D:2      | Splashed by a jelly's acid

Illustrated notes

Levels and vault maps discovered:
D:1:      psy_arrival_whirlpool, layout_loops_corners,
          dreamdust_ecumenical_altar_statues
D:2:      cheibrodos_fertilizer, layout_loops_ring, serial_shops, shop,
          basic_altar, grunt_decor_junction

Skill      XL: |  1  2  3 |
---------------+----------+-----
Fighting       | 4 |  4.2
Armour         | 1 |  1.5
Axes           | 5 |  5.6
Dodging        | |  2.8
Stealth        | |  1.6

Action                   |  1- 3 |  4- 6 || total
-------------------------+-------+-------++-------
Melee: Hand axe          |   144 |    35 ||   179
  Use: Scroll            |     4 |     1 ||     5
       Potion            |       |     1 ||     1
 Stab: Sleeping          |     1 |       ||     1
Armor: Robe              |     3 |       ||     3
       Leather armour    |     7 |       ||     7
       Chain mail        |    34 |    22 ||    56
Dodge: Dodged            |    63 |    11 ||    74
